 Dungeon Crawl Stone Soup version 0.29.0-13-gc9e81de378 (webtiles) character file.

Game seed: 3733017376303588071

642 Artool the Cudgeller (level 7, -1/55 HPs)
             Began as a Demonspawn Gladiator on Sept 8, 2022.
             Slain by a hound (2 damage)
             ... on level 5 of the Dungeon.
             The game lasted 00:06:31 (5150 turns).

Artool the Cudgeller (Demonspawn Gladiator)         Turns: 5150, Time: 00:06:31

Health: -1/55      AC:  8    Str: 16    XL:     7   Next: 26%
Magic:  7/7        EV: 12    Int: 10    God:
Gold:   384        SH:  0    Dex: 14    Spells: 6/6 levels left

rFire   . . .      SeeInvis .   k - +0 whip
rCold   . . .      Faith    .   (no shield)
rNeg    . . .      Spirit   .   A - +0 ring mail
rPois   .          Reflect  .   c - +0 helmet
rElec   .          Harm     .   D - +0 cloak
rCorr   .          Rampage  .   (no gloves)
Will    .....                   (no boots)
Stlth   +.........              (no amulet)
HPRegen 0.18/turn               (no ring)
MPRegen 0.10/turn               (no ring)

@: lethally poisoned (-1 -> -4)
A: claws 2, spiny 2
a: no special abilities


You were on level 5 of the Dungeon.
You visited 1 branch of the dungeon, and saw 5 of its levels.

You collected 384 gold pieces.

Inventory:

Hand Weapons
 a - a +0 flail
 k - a +0 whip (weapon)
Missiles
 d - 2 throwing nets (quivered)
 e - 6 javelins
 j - 5 poisoned darts
 n - 6 atropa-tipped darts
Armour
 b - a +0 leather armour
 c - a +0 helmet (worn)
 A - a +0 ring mail (worn)
 D - a +0 cloak (worn)
Scrolls
 f - 3 scrolls of blinking {unknown}
 g - 2 scrolls of magic mapping {unknown}
 h - 6 scrolls of poison {unknown}
 i - a scroll of noise {unknown}
 l - a scroll of enchant weapon {unknown}
 m - 3 scrolls of vulnerability {unknown}
 p - 6 scrolls of identify {unknown}
 s - 2 scrolls of amnesia {unknown}
 v - a scroll of fear {unknown}
 y - a scroll of fog {unknown}
 B - a scroll of acquirement {unknown}
 E - a scroll of teleportation {unknown}
Potions
 o - a potion of mutation {unknown}
 q - a potion of cancellation {unknown}
 r - a potion of flight {unknown}
 t - 2 potions of haste {unknown}
 u - a potion of curing {unknown}
 w - 2 potions of resistance {unknown}
 x - a potion of ambrosia {unknown}
 z - 2 potions of attraction {unknown}
 C - 2 potions of heal wounds
 F - a potion of magic {unknown}


   Skills:
 + Level 4.3 Fighting
 + Level 4.4 Maces & Flails
 - Level 1.7 Throwing
 + Level 3.3 Armour
 + Level 4.4 Dodging


You had 6 spell levels left.
You didn't know any spells.
Your spell library contained the following spells:

 Spells                   Type           Power      Damage    Failure   Level
 Slow                     Hex            0%         N/A       56%         1
 Ensorcelled Hibernation  Hex/Ice        0%         N/A       71%         2
 Call Canine Familiar     Summ           0%         N/A       91%         3
 Confusing Touch          Hex            0%         N/A       91%         3
 Gell's Gravitas          Tloc           0%         N/A       91%         3
 Lesser Beckoning         Tloc           0%         N/A       91%         3
 Portal Projectile        Hex/Tloc       0%         N/A       91%         3
 Spider Form              Tmut/Pois      0%         N/A       91%         3
 Teleport Other           Tloc           0%         N/A       91%         3
 Tukima's Dance           Hex            0%         N/A       91%         3
 Vampiric Draining        Necr           0%         2d6       91%         3
 Anguish                  Hex/Necr       0%         N/A       100%        4
 Leda's Liquefaction      Hex/Erth       0%         N/A       100%        4
 Blade Hands              Tmut           0%         N/A       100%        5
 Freezing Cloud           Conj/Ice/Air   0%         6-21      100%        5
 Simulacrum               Ice/Necr       0%         N/A       100%        6
 Chain Lightning          Conj/Air       0%         N/A       100%        9
 Fire Storm               Conj/Fire      0%         5d1       100%        9
 Polar Vortex             Ice            0%         N/A       100%        9
 Shatter                  Erth           0%         3d5*      100%        9


Dungeon Overview and Level Annotations

Branches:
Dungeon (5/15)
 Temple: D:4-7

Altars:
Dithmenos
Kikubaaqudgha
Ru

Shops:
D:1 :


Innate Abilities, Weirdness & Mutations

You have very sharp fingernails.
You are mostly covered in sharp spines.


Message History

You barely miss the killer bee.
The killer bee is almost dead.
You feel very sick. The killer bee stings you.
The scorpion is struck by your spines. The scorpion barely misses you.
The hound barely misses you. Something hits you.
* * * LOW HITPOINT WARNING * * *
The killer bee barely misses you.
The orc priest invokes the aid of Beogh against you.
You miss something.
You feel sick. The killer bee barely misses you.
The hound is struck by your spines. The hound completely misses you.
The scorpion is struck by your spines.
You kill the scorpion!
You hit something.
You feel sick. The killer bee misses you. The hound barely misses you.
The killer bee is struck by your spines.
You kill the killer bee!
The hound closely misses you.
You feel sick.
The orc priest begins to cast a cantrip, but forgets the words!
Something hits you but does no damage. Something hits you.
* * * LOW HITPOINT WARNING * * *
The hound bites you.
* * * LOW HITPOINT WARNING * * *
You hit the orc priest but do no damage.
You feel sick. The hound bites you.
* * * LOW HITPOINT WARNING * * *
The orc barely misses you.
The orc priest hits you but does no damage.
You writhe in agony.
* * * LOW HITPOINT WARNING * * *
Something hits you but does no damage.
Reactivating autopickup.
You feel a bit more experienced.
You hit the orc priest.
You claw the orc priest, but do no damage.
The orc priest is moderately wounded.
* * * LOW HITPOINT WARNING * * *
You feel sick. The hound is struck by your spines. The hound bites you.
You die...

##..........#......#....
....##........)........
...#.....#.....#....>.
..............#....$.
#....................
#######.######.............
.#...........#.............
.#.####.####.#.)o..........
.#.#.......#.#.o@h..###...
.#.#.##.##.#.#.†.{.## ...
.#.#.#...#.#.#.#.#........
..†...._.......####....#
##.#.#...#.#.#........##
#.#.##.##.#.#.........#
#.#...... #.#.(.........
#.####.####.#.......#...
#.. ... ..#.......#


You could see a hound, an orc priest and an orc.

Vanquished Creatures
  Eustachio (D:4)
  A phantom (D:5)
  2 scorpions
  A killer bee (D:5)
  Crazy Yiuf (D:3)
  A hound (D:4)
  Jessica (D:2)
  An orc wizard (D:5)
  Robin (D:4)
  3 gnolls (D:4)
  4 adders
  8 orcs
  4 ball pythons
  10 endoplasms
  2 giant cockroaches
  7 goblins
  10 hobgoblins
  7 jackals
  9 kobolds
  2 quokkas (D:2)
  4 bats
  3 frilled lizards (D:1)
  8 rats
91 creatures vanquished.

Vanquished Creatures (others)
  3 toadstools (D:2)
3 creatures vanquished.

Grand Total: 94 creatures vanquished

Notes
Turn   | Place    | Note
-------+----------+-------------------------------------------
     0 | D:1      | Artool the Demonspawn Gladiator began the quest for the
                  | Orb.
     0 | D:1      | Reached XP level 1. HP: 16/16 MP: 1/1
   157 | D:1      | Gained mutation: You are partially covered in sharp spines.
                  | [demonic ancestry]
   157 | D:1      | Reached XP level 2. HP: 14/22 MP: 2/2
   444 | D:1      | Found Goazu's Vocational Training.
   690 | D:1      | Reached skill level 1 in Armour
  1005 | D:2      | Noticed Jessica
  1013 | D:2      | Killed Jessica
  1014 | D:2      | Gained mutation: You have sharp fingernails. [demonic
                  | ancestry]
  1014 | D:2      | Reached XP level 3. HP: 9/28 MP: 3/3
  1370 | D:2      | Gained mutation: You have very sharp fingernails. [demonic
                  | ancestry]
  1370 | D:2      | Reached XP level 4. HP: 27/34 MP: 4/4
  2373 | D:3      | Found a shadowy altar of Dithmenos.
  2421 | D:3      | You fall into a shaft and drop 1 floor!
  2496 | D:4      | Noticed a scorpion
  2511 | D:4      | Gained mutation: You are mostly covered in sharp spines.
                  | [demonic ancestry]
  2511 | D:4      | Reached XP level 5. HP: 41/41 MP: 5/5
  2693 | D:4      | Found an ancient bone altar of Kikubaaqudgha.
  2858 | D:4      | Noticed Eustachio
  3143 | D:3      | Found a faded altar of an unknown god.
  3371 | D:3      | Found a runed translucent door.
  3372 | D:3      | Noticed Crazy Yiuf
  3510 | D:3      | Killed Crazy Yiuf
  3948 | D:4      | Reached XP level 6. HP: 17/47 MP: 6/6
  4647 | D:4      | Noticed Robin
  4664 | D:4      | Killed Eustachio
  4671 | D:4      | Killed Robin
  5046 | D:5      | Entered Level 5 of the Dungeon
  5048 | D:5      | Found a sacrificial altar of Ru.
  5077 | D:5      | Reached XP level 7. HP: 49/54 MP: 7/7
  5149 | D:5      | HP: 2/55 [orc priest/+1 dagger of pain (2)]
  5150 | D:5      | Slain by a hound

Illustrated notes

Levels and vault maps discovered:
D:1:      ncdulo_halloftheorcs, layout_rooms, hex_medium,
          nicolae_shop_vocational
D:2:      layout_rooms, hangedman_decor_opposing, minmay_gold_behind_fungi,
          uniq_jessica
D:3:      layout_rooms, mainiacjoe_overflow_paths,
          hellmonk_ecumenical_altar_pennies_from_heaven, nrook_campfire,
          hangedman_feature_mirror, chequers_serial_rivers_micro_a,
          dreamdust_wishing_well, uniq_crazy_yiuf_cottage
D:4:      layout_layer_cave, mainiacjoe_overflow_concentric_impassable,
          uniq_robin, uniq_eustachio
D:5:      layout_cave_pools, nicolae_ru_sacrificial_ziggurat,
          amcnicky_altar_gilded, minmay_temple_entry_mini_moons

Skill      XL: |  1  2  3  4  5  6 |
---------------+-------------------+-----
Maces & Flails | 3 4 |  4.4
Dodging        | 3 4 |  4.4
Armour         | 1 2 3 |  3.3
Fighting       | 3 4 |  4.3
Throwing       | |  1.7

Action                   |  1- 3 |  4- 6 |  7- 9 || total
-------------------------+-------+-------+-------++-------
Melee: Flail             |    44 |       |       ||    44
       Whip              |    32 |   165 |     7 ||   204
       Punch             |       |       |     1 ||     1
Throw: Throwing net      |     1 |       |       ||     1
 Stab: Sleeping          |     1 |     1 |       ||     2
Armor: Leather armour    |    11 |    30 |       ||    41
       Ring mail         |       |    18 |     8 ||    26
Dodge: Dodged            |    47 |   106 |    15 ||   168
